 Dungeon Crawl Stone Soup version 0.25-a0-98-g0cf78c2f83 (webtiles) character file.

Game seed: 17964547892533190319, levelgen mode: deterministic

247 Analysis the Archer (level 5, -4/46 HPs)
             Began as a Centaur Hunter on Nov 13, 2019.
             Killed from afar by an orc wizard (8 damage)
             ... with a magic dart
             ... on level 3 of the Dungeon.
             The game lasted 00:25:42 (4660 turns).

Analysis the Archer (Centaur Hunter)                Turns: 4660, Time: 00:25:42

Health: -4/46      AC:  8    Str: 16    XL:     5   Next: 85%
Magic:  5/5        EV: 10    Int: 10    God:
Gold:   171        SH:  0    Dex: 14    Spells: 4/4 levels left

rFire    . . .     SeeInvis .   b - +0 short sword
rCold    . . .     Gourm    .   (no shield)
rNeg     . . .     Faith    .   g - +1 chain mail {rPois}
rPois    +         Spirit   .   (no helmet)
rElec    .         Reflect  .   (no cloak)
rCorr    +         Harm     .   (no gloves)
MR       .....                  (no barding)
Stlth    ..........             (no amulet)
HPRegen  0.15/turn              m - ring of resist corrosion
MPRegen  0.09/turn              (no ring)

@: agile, very quick
A: large, hooves 3, deformed body, speed 2, tough skin 3
a: no special abilities


You were on level 3 of the Dungeon.
You were not hungry.

You visited 1 branch of the dungeon, and saw 4 of its levels.

You collected 171 gold pieces.

Inventory:

Hand Weapons
 a - a +1 shortbow
 b - a +0 short sword (weapon)
Armour
 g - a +1 chain mail of poison resistance (worn)
Jewellery
 m - a ring of resist corrosion (left hand)
Wands
 t - a wand of flame (9)
Scrolls
 h - a scroll of teleportation {unknown}
 i - a scroll of amnesia {unknown}
 l - 3 scrolls of remove curse
 q - 2 scrolls of noise {unknown}
 r - a scroll of blinking {unknown}
Potions
 c - a potion of curing
 e - a potion of agility
 j - a potion of might
 n - a potion of brilliance {unknown}
 o - a potion of flight {unknown}
 p - 2 potions of berserk rage
 s - a potion of haste {unknown}
 u - a potion of heal wounds {unknown}
Comestibles
 f - 7 rations


   Skills:
 + Level 3.8 Fighting
 * Level 8.3 Bows
 - Level 1.3 Dodging
 - Level 0.4 Stealth


You had 4 spell levels left.
You didn't know any spells.
Your spell library contained the following spells:

 Spells                   Type           Power        Failure   Level  Hunger
 Animate Skeleton         Necr           N/A          100%        1    ##.....
 Apportation              Tloc           #.....       100%        1    ##.....
 Confusing Touch          Hex            #.....       100%        1    ##.....
 Summon Small Mammal      Summ           #...         100%        1    ##.....


Dungeon Overview and Level Annotations

Branches:
Dungeon (4/15)
 Temple: D:4-7

Altars:
Cheibriados
Gozag
Makhleb
Sif Muna
Yredelemnul

Shops:
D:4 }

Annotations:
D:2 2 transporters
D:4 Ijyb


Innate Abilities, Weirdness & Mutations

You have hooves in place of feet.
Armour fits poorly on your strangely shaped body.
You cover ground very quickly.
You have extremely tough skin. (AC +3)


Message History

The orc wizard hits you with a +0 dagger.
* * * LOW HITPOINT WARNING * * *
You closely miss the orc wizard. Your kick misses the orc wizard.
The orc wizard is severely wounded.
The orc wizard hits you with a +0 dagger.
* * * LOW HITPOINT WARNING * * *
You hit the orc wizard.
The orc wizard is almost dead.
You feel yourself speed up.
The orc wizard hits you but does no damage. x2
Your chain mail prevents you from hitting the orc wizard.
The orc wizard is almost dead.
The orc wizard gestures at you while chanting.
The magic dart hits you.
* * * LOW HITPOINT WARNING * * *
Your chain mail prevents you from hitting the orc wizard.
The orc wizard is almost dead.
The orc wizard casts a spell at you. The magic dart hits you!
You die...

....##.########..#.# #.#
....#........##..#.# #.#
....#...####.##..#.# #.#
....#...# #.##..#.# #.#
....#...####.##..#o# #.#
#....)...[....#..#.# #.#
#.....####....#..#.# #.#
##..#≈#≈≈≈##..#..#.# #.#
##..#≈≈≈≈≈≈#(...@#§# #.#
#..##≈≈#≈#≈##(.o##.####.##
...#≈≈≈≈≈≈≈≈≈...)>[......#
##.≈≈#≈≈≈≈≈≈#.####(#######
...≈#≈≈≈≈#≈##.# #.#
....#≈≈#≈≈≈≈..# #.#
....≈##≈≈###..# #.#
##....#≈##....# #.#
##............# #.#


You could see an orc wizard.

Vanquished Creatures
  2 orc priests (D:3)
  2 orc wizards (D:3)
  A worker ant (D:4)
  2 adders (D:3)
  3 oozes
  A worm (D:2)
  A dart slug (D:3)
  10 orcs (D:3)
  8 bats
  3 giant cockroaches
  8 goblins
  9 hobgoblins
  5 jackals (D:1)
  4 frilled lizards
  4 kobolds
  3 rats
66 creatures vanquished.

Notes
Turn   | Place    | Note
-------+----------+-------------------------------------------
     0 | D:1      | Analysis the Centaur Hunter began the quest for the Orb.
     0 | D:1      | Reached XP level 1. HP: 17/17 MP: 1/1
   139 | D:1      | Reached XP level 2. HP: 24/24 MP: 2/2
   495 | D:1      | Reached skill level 6 in Bows
  1022 | D:1      | Reached XP level 3. HP: 30/30 MP: 3/3
  1624 | D:2      | Noticed a necrophage
  1625 | D:2      | Noticed an orc warrior
  1635 | D:2      | Found a transporter.
  1637 | D:2      | Found a transporter.
  1643 | D:2      | Noticed an ogre
  1645 | D:2      | Found an opulent altar of Gozag.
  1645 | D:2      | Found a snail-covered altar of Cheibriados.
  1645 | D:2      | Found a basalt altar of Yredelemnul.
  1823 | D:3      | Found a shimmering blue altar of Sif Muna.
  2001 | D:3      | Reached skill level 7 in Bows
  2001 | D:3      | Reached XP level 4. HP: 22/38 MP: 4/4
  3018 | D:3      | Reached XP level 5. HP: 31/45 MP: 5/5
  3766 | D:3      | Reached skill level 8 in Bows
  4018 | D:4      | Found a burning altar of Makhleb.
  4042 | D:4      | Found Vauretules's Gadget Boutique.
  4074 | D:4      | Noticed Ijyb
  4267 | D:4      | HP: 2/46 [acid (6)]
  4660 | D:3      | Killed from afar by an orc wizard

Levels and vault maps discovered:
D:1:      minmay_arrival_glassed_features, layout_basic, bh_walls_and_bars
D:2:      layout_basic, gammafunk_temple_overflow_arena
D:3:      layout_basic, nicolae_overflow_crystal_walls, minivault_4
D:4:      layout_rooms, kennysheep_little_box, first_ration, serial_shops,
          nicolae_shop_stone, uniq_ijyb

Skill      XL: |  1  2  3  4  5 |
---------------+----------------+-----
Bows           | 6 7 8 |  8.3
Fighting       | 3 |  3.8
Dodging        | |  1.3
Stealth        | |  0.4

Action                   |  1- 3 |  4- 6 || total
-------------------------+-------+-------++-------
Melee: Short sword       |   136 |    87 ||   223
       Kick              |    28 |    15 ||    43
 Fire: Shortbow          |    10 |    65 ||    75
  Use: Scroll            |       |     4 ||     4
       Potion            |       |     1 ||     1
  Eat: Chunk             |     3 |     4 ||     7
       Ration            |       |     1 ||     1
Armor: Leather armour    |    47 |    13 ||    60
       Chain mail        |       |    24 ||    24
Dodge: Dodged            |    70 |    32 ||   102

Table legend:
 A = Non-vault XP
 B = Vault XP
 C = Vault XP percentage of total XP
 D = Non-vault monster count
 E = Vault monster count
 F = Vault count percentage of total count
                 A         B        C        D         E       F
            +---------+---------+-------+---------+---------+-------
      Total |     354 |       0 |   0.0 |      66 |       0 |   0.0
            +---------+---------+-------+---------+---------+-------
        D:1 |      46 |       0 |   0.0 |      24 |       0 |   0.0
        D:2 |      23 |       0 |   0.0 |       8 |       0 |   0.0
        D:3 |     251 |       0 |   0.0 |      32 |       0 |   0.0
        D:4 |      34 |       0 |   0.0 |       2 |       0 |   0.0
            +---------+---------+-------+---------+---------+-------
